TOP OF THE 1ST |
Lancaster Farmers batting - Pitching for Marquette Miners : RHP Jorge Carrión
|
Pitching: RHP Jorge Carrión
|
|
Batting: RHB Ricardo Pacheco
|
0-0: Ball 1-0: Called Strike 1-1: Foul Ball, location: 2F 1-2: Fly out, F9 (Flyball, 9M)
|
Batting: RHB Albert Díaz
|
0-0: Swinging Strike 0-1: Ball 1-1: Called Strike 1-2: SINGLE (Groundball, 56D)
|
Batting: LHB Brad Tillman
|
0-0: Ball Albert Díaz steals 2nd base 1-0: Called Strike 1-1: Fly out, F9 (Flyball, 9M)
|
Batting: LHB Rob Wilson
|
0-0: Ball 1-0: Ball 2-0: Ball 3-0: Base on Balls
|
Batting: RHB Barkley B. Cooltimes
|
0-0: Called Strike 0-1: Swinging Strike 0-2: Ball 1-2: Ball 2-2: Strikes out swinging
|
Top of the 1st over - 0 run(s), 1 hit(s), 0 error(s), 2 left on base; Lancaster 0 - Marquette 0 |
BOTTOM OF THE 1ST |
Marquette Miners batting - Pitching for Lancaster Farmers : RHP Tony Solíz
|
Pitching: RHP Tony Solíz
|
|
Batting: SHB Ken Osborne
|
0-0: Fly out, F6 (Popup, 5DF)
|
Batting: RHB Bernardo Márquez
|
0-0: Ball 1-0: Swinging Strike 1-1: Swinging Strike 1-2: Strikes out swinging
|
Batting: RHB Ed Adams
|
0-0: Swinging Strike 0-1: Ball 1-1: Ball 2-1: Ball 3-1: Called Strike 3-2: SINGLE (Line Drive, 89S)
|
Batting: RHB Preston Hernández
|
0-0: Called Strike 0-1: Ground out 4-3 (Groundball, 4)
|
Bottom of the 1st over - 0 run(s), 1 hit(s), 0 error(s), 1 left on base; Lancaster 0 - Marquette 0 |
TOP OF THE 2ND |
Lancaster Farmers batting - Pitching for Marquette Miners : RHP Jorge Carrión
|
Batting: SHB Orlando Miranda
|
0-0: Ball 1-0: Called Strike 1-1: Fly out, F8 (Flyball, 8RM)
|
Batting: RHB António Jiménez
|
0-0: Foul Ball, location: 2F 0-1: Swinging Strike 0-2: SINGLE (Line Drive, 8RS)
|
Batting: LHB Ramón Gómez
|
0-0: Foul Ball, location: 2F 0-1: Fly out, F2 (Popup, 2RF)
|
Batting: RHB Rodrigo Velasco
|
0-0: Ball 1-0: Foul Ball, location: 2F 1-1: Ball 2-1: Called Strike 2-2: Strikes out swinging
|
Top of the 2nd over - 0 run(s), 1 hit(s), 0 error(s), 1 left on base; Lancaster 0 - Marquette 0 |
BOTTOM OF THE 2ND |
Marquette Miners batting - Pitching for Lancaster Farmers : RHP Tony Solíz
|
Batting: RHB Ken Little
|
0-0: Ball 1-0: SOLO HOME RUN (Flyball, 7D), Distance : 440 ft
|
Batting: RHB Ron Johnston
|
0-0: Ball 1-0: Ball 2-0: Ball 3-0: Base on Balls
|
Batting: RHB Isaac Downey
|
0-0: Ball 1-0: Called Strike 1-1: Swinging Strike 1-2: Strikes out swinging
|
Batting: RHB Félix De La Hoya
|
0-0: Ball 1-0: SINGLE (Groundball, 56D) (infield hit) Ron Johnston to second
|
Batting: RHB David Barrón
|
0-0: Foul Ball, location: 2F 0-1: SINGLE (Line Drive, 9S) Ron Johnston to third Félix De La Hoya to second Runner from 3rd tries for Home, SAFE, throw made home Félix De La Hoya to third David Barrón to second
|
Batting: SHB Ken Osborne
|
0-0: SINGLE (Groundball, 15) (infield hit)
|
Batting: RHB Bernardo Márquez
|
0-0: Fly out, F8 (Flyball, 8RM)
|
Batting: RHB Ed Adams
|
0-0: GRAND SLAM HOME RUN (Flyball, 8RD), Distance : 450 ft
|
Batting: RHB Preston Hernández
|
0-0: Ball 1-0: Ball 2-0: Called Strike 2-1: Ground out 4-3 (Groundball, 4M)
|
Bottom of the 2nd over - 6 run(s), 5 hit(s), 0 error(s), 0 left on base; Lancaster 0 - Marquette 6 |
TOP OF THE 3RD |
Lancaster Farmers batting - Pitching for Marquette Miners : RHP Jorge Carrión
|
Batting: RHB Ricardo Pacheco
|
0-0: Ball 1-0: Ball 2-0: Foul Ball, location: 2F 2-1: Swinging Strike 2-2: Foul Ball, location: 2F 2-2: Strikes out swinging
|
Batting: RHB Albert Díaz
|
0-0: Ball 1-0: Fly out, F9 (Flyball, 9D)
|
Batting: LHB Brad Tillman
|
0-0: Ball 1-0: Swinging Strike 1-1: Ground out 1-3 (Groundball, 13S)
|
Top of the 3rd over - 0 run(s), 0 hit(s), 0 error(s), 0 left on base; Lancaster 0 - Marquette 6 |
BOTTOM OF THE 3RD |
Marquette Miners batting - Pitching for Lancaster Farmers : RHP Tony Solíz
|
Batting: RHB Ken Little
|
0-0: Ball 1-0: Ground out 6-3 (Groundball, 6)
|
Batting: RHB Ron Johnston
|
0-0: Ball 1-0: Ball 2-0: Ball 3-0: Base on Balls
|
Batting: RHB Isaac Downey
|
0-0: Called Strike 0-1: Swinging Strike 0-2: Foul Ball, location: 2F 0-2: Foul Ball, location: 2F 0-2: Fielders Choice at 2nd, 6-4 (Groundball, 6M)
|
Batting: RHB Félix De La Hoya
|
0-0: Called Strike 0-1: Ball Wild Pitch! Isaac Downey to second 1-1: Ball 2-1: Fly out, F9 (Flyball, 9M)
|
Bottom of the 3rd over - 0 run(s), 0 hit(s), 0 error(s), 1 left on base; Lancaster 0 - Marquette 6 |
TOP OF THE 4TH |
Lancaster Farmers batting - Pitching for Marquette Miners : RHP Jorge Carrión
|
Batting: LHB Rob Wilson
|
0-0: Called Strike 0-1: Ground out 4-3 (Groundball, 4)
|
Batting: RHB Barkley B. Cooltimes
|
0-0: Foul Ball, location: 2F 0-1: Called Strike 0-2: Strikes out swinging
|
Batting: SHB Orlando Miranda
|
0-0: Fly out, F7 (Flyball, 7S)
|
Top of the 4th over - 0 run(s), 0 hit(s), 0 error(s), 0 left on base; Lancaster 0 - Marquette 6 |
BOTTOM OF THE 4TH |
Marquette Miners batting - Pitching for Lancaster Farmers : RHP Tony Solíz
|
Batting: RHB David Barrón
|
0-0: Ball 1-0: Ball 2-0: Ball 3-0: Called Strike 3-1: Foul Ball, location: 2F 3-2: Ground out 5-3 (Groundball, 56)
|
Batting: SHB Ken Osborne
|
0-0: Ball 1-0: Called Strike 1-1: Ball 2-1: Swinging Strike 2-2: Foul Ball, location: 2F 2-2: Foul Ball, location: 2F 2-2: Strikes out swinging
|
Pitching: LHP Álex Reyes
|
|
Batting: RHB Bernardo Márquez
|
0-0: Ball 1-0: Ball 2-0: Ground out 6-3 (Groundball, 6M)
|
Bottom of the 4th over - 0 run(s), 0 hit(s), 0 error(s), 0 left on base; Lancaster 0 - Marquette 6 |
TOP OF THE 5TH |
Lancaster Farmers batting - Pitching for Marquette Miners : RHP Jorge Carrión
|
Batting: RHB António Jiménez
|
0-0: Ball 1-0: Called Strike 1-1: Called Strike 1-2: Ball 2-2: Ball 3-2: Base on Balls
|
Batting: LHB Ramón Gómez
|
0-0: Fielders Choice at 2nd, 1-4 (Groundball, 15)
|
Batting: RHB Rodrigo Velasco
|
0-0: Ball 1-0: Called Strike 1-1: Ball 2-1: Foul Ball, location: 2F 2-2: Foul Ball, location: 2F 2-2: DOUBLE (Line Drive, 8RD) Ramón Gómez to third
|
Batting: RHB Ricardo Pacheco
|
0-0: Foul Ball, location: 2F 0-1: Foul Ball, location: 2F 0-2: Fly out, F8 (Flyball, 8RXD) Runner from 3rd tags up, SCORES, no throw
|
Batting: RHB Albert Díaz
|
Error on foul ball, E3 0-1: Ball 1-1: Ball 2-1: Called Strike 2-2: Strikes out swinging
|
Top of the 5th over - 1 run(s), 1 hit(s), 1 error(s), 1 left on base; Lancaster 1 - Marquette 6 |
BOTTOM OF THE 5TH |
Marquette Miners batting - Pitching for Lancaster Farmers : LHP Álex Reyes
|
Batting: RHB Ed Adams
|
0-0: Called Strike 0-1: Called Strike 0-2: Ball 1-2: Foul Ball, location: 2F 1-2: Strikes out swinging
|
Batting: RHB Preston Hernández
|
0-0: Ball 1-0: Called Strike 1-1: Ground out 4-3 (Groundball, 4M)
|
Batting: RHB Ken Little
|
0-0: Called Strike 0-1: Swinging Strike 0-2: Strikes out looking
|
Bottom of the 5th over - 0 run(s), 0 hit(s), 0 error(s), 0 left on base; Lancaster 1 - Marquette 6 |
TOP OF THE 6TH |
Lancaster Farmers batting - Pitching for Marquette Miners : RHP Jorge Carrión
|
Batting: LHB Brad Tillman
|
0-0: Called Strike 0-1: SINGLE (Groundball, 4MD)
|
Batting: LHB Rob Wilson
|
0-0: Swinging Strike 0-1: Ball 1-1: Ball 2-1: Ball 3-1: Foul Ball, location: 2F Reached via error on a dropped throw, E3 Brad Tillman to second
|
Batting: RHB Barkley B. Cooltimes
|
0-0: Called Strike 0-1: Fly out, F3 (Popup, 3F)
|
Batting: SHB Orlando Miranda
|
0-0: Foul Ball, location: 2F 0-1: Foul Ball, location: 2F 0-2: Ball 1-2: Ball 2-2: Ball 3-2: SINGLE (Groundball, 4MD) Brad Tillman to third Rob Wilson to second Runner from 3rd tries for Home, SAFE, no throw or cutoff
|
Batting: RHB António Jiménez
|
0-0: Called Strike 0-1: Swinging Strike 0-2: Ball 1-2: Ball 2-2: Ball 3-2: SINGLE (Groundball, 56D) Rob Wilson to third Orlando Miranda to second Runner from 3rd tries for Home, SAFE, throw made home
|
Batting: LHB Ramón Gómez
|
0-0: Called Strike 0-1: Foul Ball, location: 2F 0-2: Ball 1-2: Strikes out swinging
|
Batting: RHB Rodrigo Velasco
|
0-0: Ground out 6-3 (Groundball, 6)
|
Top of the 6th over - 2 run(s), 3 hit(s), 1 error(s), 2 left on base; Lancaster 3 - Marquette 6 |
BOTTOM OF THE 6TH |
Marquette Miners batting - Pitching for Lancaster Farmers : LHP Álex Reyes
|
Batting: RHB Ron Johnston
|
0-0: Ball 1-0: Swinging Strike 1-1: Ball 2-1: Ball 3-1: Foul Ball, location: 2F 3-2: Base on Balls
|
Batting: RHB Isaac Downey
|
0-0: Sac Bunt - play at first, batter OUT! 3-4 Ron Johnston to second
|
Batting: RHB Félix De La Hoya
|
0-0: Intentional Walk
|
Batting: RHB David Barrón
|
0-0: Fly out, F9 (Flyball, 89M)
|
Batting: SHB Ken Osborne
|
0-0: Ball 1-0: Ball 2-0: Called Strike 2-1: Swinging Strike 2-2: Strikes out swinging
|
Bottom of the 6th over - 0 run(s), 0 hit(s), 0 error(s), 2 left on base; Lancaster 3 - Marquette 6 |
TOP OF THE 7TH |
Lancaster Farmers batting - Pitching for Marquette Miners : RHP Jorge Carrión
|
Batting: RHB Ricardo Pacheco
|
0-0: Called Strike 0-1: Ball 1-1: Ball 2-1: Foul Ball, location: 2F 2-2: Foul Ball, location: 2F 2-2: Strikes out swinging
|
Batting: RHB Albert Díaz
|
0-0: Called Strike 0-1: Ball 1-1: Ball 2-1: Foul Ball, location: 2F 2-2: Ball 3-2: Foul Ball, location: 2F 3-2: Base on Balls
|
Pitching: RHP Bob Baker
|
|
Batting: LHB Brad Tillman
|
0-0: Called Strike 0-1: Called Strike 0-2: Ball Albert Díaz is caught stealing 2nd base 1-2: Strikes out swinging
|
Top of the 7th over - 0 run(s), 0 hit(s), 0 error(s), 0 left on base; Lancaster 3 - Marquette 6 |
BOTTOM OF THE 7TH |
Marquette Miners batting - Pitching for Lancaster Farmers : LHP Álex Reyes
|
Batting: RHB Bernardo Márquez
|
0-0: Called Strike 0-1: Foul Ball, location: 2F 0-2: Foul Ball, location: 2F 0-2: Strikes out swinging
|
Batting: RHB Ed Adams
|
0-0: Foul Ball, location: 2F 0-1: Called Strike 0-2: Strikes out swinging
|
Batting: RHB Preston Hernández
|
0-0: Ball 1-0: Foul Ball, location: 2F 1-1: Called Strike 1-2: Fly out, F9 (Flyball, 9S)
|
Bottom of the 7th over - 0 run(s), 0 hit(s), 0 error(s), 0 left on base; Lancaster 3 - Marquette 6 |
TOP OF THE 8TH |
Lancaster Farmers batting - Pitching for Marquette Miners : RHP Bob Baker
|
Batting: LHB Rob Wilson
|
0-0: Ball 1-0: Ball 2-0: Ball 3-0: Base on Balls
|
Batting: RHB Barkley B. Cooltimes
|
0-0: Ball 1-0: Foul Ball, location: 2F 1-1: Foul Ball, location: 2F 1-2: Grounds into double play, 5-4-3 (Groundball, 56)
|
Batting: SHB Orlando Miranda
|
0-0: SINGLE (Line Drive, 8RS)
|
Batting: RHB António Jiménez
|
0-0: Ball 1-0: Ball 2-0: Ball 3-0: Called Strike 3-1: Foul Ball, location: 2F 3-2: Ground out U3 (Groundball, 3L)
|
Top of the 8th over - 0 run(s), 1 hit(s), 0 error(s), 1 left on base; Lancaster 3 - Marquette 6 |
BOTTOM OF THE 8TH |
Marquette Miners batting - Pitching for Lancaster Farmers : LHP Álex Reyes
|
Batting: RHB Ken Little
|
0-0: Called Strike 0-1: Ball 1-1: Ball 2-1: Ball 3-1: Called Strike 3-2: Strikes out swinging
|
Batting: RHB Ron Johnston
|
0-0: Called Strike 0-1: Foul Ball, location: 2F 0-2: Ball 1-2: Strikes out swinging
|
Pitching: RHP Kyle Lucas
|
|
Batting: RHB Isaac Downey
|
0-0: Ball 1-0: Ball 2-0: Ball 3-0: Called Strike 3-1: Foul Ball, location: 2F 3-2: Base on Balls
|
Batting: RHB Félix De La Hoya
|
0-0: Ball 1-0: Ball 2-0: Ball 3-0: Called Strike 3-1: Ground out 5-3 (Groundball, 56)
|
Bottom of the 8th over - 0 run(s), 0 hit(s), 0 error(s), 1 left on base; Lancaster 3 - Marquette 6 |
TOP OF THE 9TH |
Lancaster Farmers batting - Pitching for Marquette Miners : RHP Bob Baker
|
Pitching: RHP Sean Evans
|
|
Batting: LHB Ramón Gómez
|
0-0: Swinging Strike 0-1: Bunted foul 0-2: TRIPLE (Groundball, 5L)
|
Batting: RHB Rodrigo Velasco
|
0-0: Ground out U3 (Groundball, 3S)
|
Batting: RHB Ricardo Pacheco
|
0-0: Foul Ball, location: 2F 0-1: Ball 1-1: Called Strike 1-2: Ball 2-2: Ball 3-2: Base on Balls
|
Batting: RHB Albert Díaz
|
0-0: Ball 1-0: Grounds into double play, 5-4-3 (Groundball, 5L)
|
Top of the 9th over - 0 run(s), 1 hit(s), 0 error(s), 1 left on base; Lancaster 3 - Marquette 6 |
|